AoeStats
← 🅡🅐🅨🅖🅞🅝

Arabia

507731330Analyzed
1v1 RM · 13d ago on Sep 19, 2026· 39m 22s· 2 players
Game mode
Random Map
Map size
Tiny (2 player)
Population
200
Speed
Normal
Resources
Standard
Victory
Conquest
Starting age
Dark Age
Ending age
Imperial Age
RankedLock teamsTeams togetherTeam positionsShared explorationLock speedFull tech treeHidden civsTurbo modeCheats
Victory
Defeat
🇧🇪 Mongols · Belgium
878
+14
🇩🇰 Britons · Denmark
831
-37
🅡🅐🅨🅖🅞🅝
9:46 Feudal Age
10:15 Double-Bit Axe
10:17 Horse Collar
14:35 Loom
20:14 Gold Mining
24:48 Castle Age
24:23 Wheelbarrow
25:57 Bow Saw
25:48 Heavy Plow
26:04 Pikeman
27:26 Scale Mail Armor
28:22 Squires
36:52 Light Cavalry
quasar_8
6:43 Loom
9:56 Feudal Age
20:13 Castle Age
19:32 Scale Barding Armor
20:08 Forging
20:08 Double-Bit Axe
20:07 Horse Collar
22:09 Iron Casting
21:42 Heavy Plow
25:10 Fletching
26:58 Gold Mining
26:59 Stone Mining
28:28 Bow Saw
29:28 Wheelbarrow
28:39 Town Watch
31:01 Hand Cart
35:31 Imperial Age
33:17 Bodkin Arrow
33:23 Padded Archer Armor
33:46 Chain Barding Armor
33:40 Bloodlines
33:31 Husbandry
34:26 Gold Shaft Mining
34:55 Town Patrol
35:15 Leather Archer Armor
36:03 Elite Mangudai
37:19 Hoardings
37:06 Conscription
36:52 Bracer
39:29 Ballistics
40:09 Chemistry
39:20 Masonry
39:06 Murder Holes
39:11 Light Cavalry
Connection lost

Rejoining the realm…

Still unreachable

The connection could not be restored.

Session expired

The server has moved on; the page needs a fresh start.